 Dungeon Crawl Stone Soup version 0.30-a0-137-gd8773701ce (webtiles) character file.

Game seed: 3036065672403464406

21 IdlyInterested the Cutter (level 2, 0/22 HPs)
             Began as a Demonspawn Gladiator on Sept 22, 2022.
             Slain by an iguana (11 damage)
             ... on level 3 of the Dungeon.
             The game lasted 00:03:42 (1340 turns).

IdlyInterested the Cutter (Demonspawn Gladiator)    Turns: 1340, Time: 00:03:42

Health: 0/22       AC:  6    Str: 14    XL:     2   Next: 62%
Magic:  2/2        EV: 12    Int:  9    God:
Gold:   129        SH:  0    Dex: 20    Spells: 1/1 levels left

rFire   . . .      SeeInvis .    a - +0 rapier
rCold   . . .      Faith    .    (no shield)
rNeg    . . .      Spirit   .    j - +0 ring mail
rPois   .          Reflect  .    c - +0 helmet
rElec   .          Harm     .    (no cloak)
rCorr   .          Rampage  .    (no gloves)
Will    .....                    (no boots)
Stlth   ++........               (no amulet)
HPRegen 0.07/turn                f - +6 ring of dexterity
MPRegen 0.08/turn                (no ring)

@: no status effects
A: demonic touch 1
a: no special abilities


You were on level 3 of the Dungeon.
You visited 1 branch of the dungeon, and saw 4 of its levels.

You collected 129 gold pieces.

Inventory:

Hand Weapons
 a - a +0 rapier (weapon)
Missiles
 d - 3 throwing nets
 e - a javelin
 h - 6 poisoned darts (quivered)
 i - 2 curare-tipped darts
 n - 5 atropa-tipped darts
Armour
 b - a +0 leather armour
 c - a +0 helmet (worn)
 j - a +0 ring mail (worn)
 m - a +0 robe
Jewellery
 f - a +6 ring of dexterity (left hand)
Scrolls
 k - a scroll of teleportation
Potions
 g - 3 potions of attraction
 l - a potion of might {unknown}
 o - 2 potions of degeneration {unknown}


   Skills:
 - Level 2.0 Fighting
 + Level 2.9 Short Blades
 - Level 1.7 Throwing
 + Level 0.9 Armour
 - Level 2.6 Dodging
 * Level 1.5 Stealth


You had one spell level left.
You didn't know any spells.
Your spell library contained the following spells:

 Spells                   Type           Power      Damage    Failure   Level
 Cigotuvi's Dreadful Rot  Necr/Pois/Air  0%         N/A       77%         2
 Dispel Undead            Necr           0%         3d6       100%        4
 Death Channel            Necr           0%         N/A       100%        6


Dungeon Overview and Level Annotations

Branches:
Dungeon (4/15)
 Temple: D:4-7

Altars:


Innate Abilities, Weirdness & Mutations

Your touch may inflict minor irresistible damage on your foes.


Message History

Found an escape hatch in the floor.
You now have 129 gold pieces (gained 9).
A sourceless malevolence fills the Dungeon...
You fall into a shaft and drop 2 floors!
The shaft crumbles and collapses.
Found a potion of attraction.
An iguana comes into view.
The iguana hisses angrily.
A wight comes into view. It is wielding a +6 flail of freezing.
Found 5 stones.
The wight moves out of view.
You see here a potion of attraction.
g - 3 potions of attraction (gained 1)
The iguana bites you! The iguana closely misses you.
The iguana attacks as you move away! The iguana barely misses you.
The iguana attacks as you move away! The iguana barely misses you.
The iguana attacks as you move away! The iguana misses you.
You open the door.
The iguana bites you but does no damage.
There is an open door here.
The iguana attacks as you move away! The iguana misses you.
Found a stone staircase leading up.
The iguana attacks as you move away! The iguana misses you.
There is a stone staircase leading up here.
The iguana misses you.
You climb upwards.
There is a stone staircase leading down here.
You hit the iguana but do no damage.
The iguana bites you but does no damage.
You hit the iguana.
The iguana is lightly wounded.
The iguana barely misses you.
You barely miss the iguana.
The iguana is lightly wounded.
The iguana bites you.
You hit the iguana but do no damage.
The iguana is lightly wounded.
The iguana bites you!
Ouch! That really hurt!
You die...

#### ...
##l#####.
#@.......
##.......
.......
....###
..#...
.##..#.
.. .# ..
#


You could see an iguana.

Vanquished Creatures
  2 endoplasms (D:1)
  A giant cockroach (D:2)
  2 goblins
  2 hobgoblins (D:2)
  6 kobolds
  A quokka (D:1)
  A ball python (D:1)
  A frilled lizard (D:1)
  2 rats (D:1)
18 creatures vanquished.

Notes
Turn   | Place    | Note
-------+----------+-------------------------------------------
     0 | D:1      | IdlyInterested the Demonspawn Gladiator began the quest for
                  | the Orb.
     0 | D:1      | Reached XP level 1. HP: 16/16 MP: 1/1
   257 | D:1      | Reached skill level 1 in Stealth
   317 | D:1      | Gained mutation: Your touch may inflict minor irresistible
                  | damage on your foes. [demonic ancestry]
   317 | D:1      | Reached XP level 2. HP: 22/22 MP: 2/2
   776 | D:1      | Found a faded altar of an unknown god.
  1304 | D:2      | You fall into a shaft and drop 2 floors!
  1310 | D:4      | Noticed a wight
  1340 | D:3      | Slain by an iguana

Illustrated notes

Levels and vault maps discovered:
D:1:      saegor_arrival_simple_a, layout_loops_ring,
          shapermc_ecumenical_altar_mp_vishouse
D:2:      layout_rooms
D:3:      layout_basic, riverfiend_overflow_shadow_ancestor, minmay_misc_feat_x
D:4:      minmay_spotlight, layout_basic

Skill      XL: |  1 |
---------------+----+-----
Stealth        | 1 |  1.5
Fighting       | |  2.0
Short Blades   | |  2.9
Throwing       | |  1.7
Armour         | |  0.9
Dodging        | |  2.6

Action                   || total
-------------------------++-------
Melee: Rapier            ||    45
       Touch             ||     4
  Use: Scroll            ||     3
 Stab: Sleeping          ||     3
Armor: Leather armour    ||     4
       Ring mail         ||     5
Dodge: Dodged            ||    22

Table legend: (Time is in decaauts)
 A = Elapsed time spent in this place.
 B = Non-inter-level travel time spent in this place.
 C = Inter-level travel time spent in this place.
 D = Time resting spent in this place.
 E = Time spent auto-exploring this place.
 F = Levels seen in this place.
 G = Mean time per level.
                   A        B        C        D        E       F      G
               +--------+--------+--------+--------+--------+-----+--------+
         Total |   1342 |   1201 |    141 |    160 |    729 |   4 |  335.5 |
       Dungeon |   1342 |   1201 |    141 |    160 |    729 |   4 |  335.5 |
               +--------+--------+--------+--------+--------+-----+--------+

Top non-repeatable levels by time:
     D:1: 1062 daAuts
     D:2: 244 daAuts
     D:4: 31 daAuts
     D:3: 3 daAuts
